 Dungeon Crawl Stone Soup version 0.31-a0-1074-g0b22e4e0f1 (webtiles) character file.

Game seed: 11060731937813486883

13031 Jeffwins the Skirmisher (level 12, -8/52 HPs)
             Began as a Vine Stalker Shapeshifter on Nov 27, 2023.
             Was a High Priest of Okawaru.
             Shot with an arrow by a centaur warrior (16 damage)
             ... on level 10 of the Dungeon.
             The game lasted 00:20:46 (10563 turns).

Jeffwins the Skirmisher (VSSh)                     Turns: 10563, Time: 00:20:48

Health: -8/52      AC: 10    Str: 16    XL:     12   Next: 1%
Magic:  0/18       EV: 16    Int: 14    God:    Okawaru [*****.]
Gold:   730        SH:  0    Dex: 18    Spells: 11/11 levels left

rFire   . . .        a - +10 arbalest "Axuutonu" {freeze, +Blink}
rCold   . . .        (shield currently unavailable)
rNeg    . . .        R - +1 ring mail of the Gate {Dex+2}
rPois   .            t - melded +0 helmet
rElec   .            m - melded +0 cloak
rCorr   .            (gloves currently unavailable)
SInv    .            F - melded +2 pair of boots
Will    ++...        (no amulet)
Stlth   +            O - +4 ring of protection
HPRegen 1.08/turn    E - +5 ring of evasion
MPRegen 0.16/turn

%: guardian spirit
@: beast-form, enlightened, flying
A: beast (slay +4), fangs 3, regeneration 1, magic shield, antimagic bite, no
potion heal 2
a: Begin Untransformation, Renounce Religion, Evoke Blink, Heroism, Finesse,
Duel


You were on level 10 of the Dungeon.
You worshipped Okawaru.
Okawaru was extremely pleased with you.
You were a hulking beast.
You visited 2 branches of the dungeon, and saw 12 of its levels.
You also visited: Ossuary.

You collected 730 gold pieces.


Innate Abilities, Weirdness & Mutations

You are a hulking beast.
Your limbs bulge with bestial killing power. (Slay +4)
You have razor-sharp teeth.
Your natural rate of healing is unusually fast.
When hurt, damage is shared between your health and your magic reserves.
Your bite disrupts and absorbs the magic of your enemies.
Potions cannot restore your health.


   Skills:
 - Level 0.8 Fighting
 * Level 12.3 Ranged Weapons
 - Level 1.5 Dodging
 - Level 3.0 Unarmed Combat
 + Level 7.7 Invocations
 + Level 7.8 Evocations
 - Level 7.0 Shapeshifting


You had 11 spell levels left.
You didn't know any spells.
Your spell library contained the following spells:

 Spells                   Type           Power      Damage    Failure   Level
 Freeze                   Ice            0%         1d3       50%         1
 Slow                     Hex            0%         N/A       50%         1
 Ensorcelled Hibernation  Hex/Ice        0%         N/A       63%         2
 Jinxbite                 Hex            0%         N/A       63%         2
 Lesser Beckoning         Tloc           0%         N/A       63%         2
 Confusing Touch          Hex            0%         N/A       86%         3
 Frozen Ramparts          Ice            0%         1d1       86%         3
 Gell's Gravitas          Tloc           0%         N/A       86%         3
 Hailstorm                Conj/Ice       0%         3d3       86%         3
 Inner Flame              Hex/Fire       0%         N/A       86%         3
 Sigil of Binding         Hex            0%         N/A       86%         3
 Teleport Other           Tloc           0%         N/A       86%         3
 Vampiric Draining        Necr           0%         2d6       86%         3
 Anguish                  Hex/Necr       0%         N/A       99%         4
 Flame Wave               Conj/Fire      0%         2d4       99%         4
 Sticky Flame             Conj/Fire      0%         2d3       99%         4
 Orb of Destruction       Conj           0%         9d5       100%        7
 Summon Guardian Golem    Hex/Summ       Unusable   N/A       N/A         3
 Spellforged Servitor     Conj/Summ      Unusable   N/A       N/A         7

Inventory:

Hand Weapons
 a - the +10 arbalest "Axuutonu" (weapon) {freeze, +Blink}
   (You took it off a gnoll sergeant on level 8 of the Dungeon)

   +Blink:    It lets you blink.
 p - a +3 short sword
 x - a +1 mace of holy wrath
 z - a +1 dagger of venom
 K - a +0 orcbow
 N - a +0 shortbow
Missiles
 o - 12 boomerangs
 B - 26 poisoned darts
 S - a silver javelin
Armour
 m - a +0 cloak (melded)
 t - a +0 helmet (melded)
 w - a scarf of harm
 y - a +0 troll leather armour
 C - a +2 leather armour of cold resistance
 F - a +2 pair of boots (melded)
 G - a +0 ring mail of poison resistance
 P - the +0 ring mail of the Heron {rC+ Will- Str+3 Stlth+}
   (You took it off an orc on level 8 of the Dungeon)

   Str+3:     It affects your strength (+3).
   rC+:       It protects you from cold.
   Will-:     It decreases your willpower.
   Stlth+:    It makes you more stealthy.
 R - the +1 ring mail of the Gate (worn) {Dex+2}
   (You found it on level 10 of the Dungeon)

   Dex+2:     It affects your dexterity (+2).
 U - a +2 kite shield of protection
Magical Staves
 e - a staff of death
Jewellery
 E - a +5 ring of evasion (right hand)
 O - a +4 ring of protection (left hand)
 W - a ring of magical power
Talismans
 c - a beast talisman (active)
 d - a flux talisman
Wands
 h - a wand of roots (2)
 L - a wand of polymorph (5)
Scrolls
 f - a scroll of fog
 i - 3 scrolls of immolation {!r}
 j - 2 scrolls of amnesia
 k - 5 scrolls of teleportation {@r4}
 n - a scroll of blinking
 D - 3 scrolls of vulnerability {!r}
 J - 3 scrolls of revelation
 Q - a scroll of silence {unknown}
Potions
 b - 4 potions of might {unknown}
 g - a potion of heal wounds {unknown}
 l - 6 potions of brilliance
 q - 4 potions of lignification {!q}
 r - a potion of haste {@q3}
 s - a potion of berserk rage {unknown}
 v - 2 potions of cancellation {unknown}
 A - a potion of attraction {unknown}
 H - 2 potions of enlightenment
 I - 3 potions of curing {@q1}
 M - a potion of invisibility {unknown}

Dungeon Overview and Level Annotations

Branches:
Dungeon (11/15)            Temple (1/1) D:6            Lair (0/5) D:8
Ossuary (visited)
    Orc: D:9-12

Altars:
Ashenzari
Cheibriados
Dithmenos
Elyvilon
Fedhas
Gozag
Hepliaklqana
Kikubaaqudgha
Makhleb
Nemelex Xobeh
Okawaru
Qazlal
Ru
Sif Muna
Trog
Uskayaw
Vehumet
Wu Jian
Xom
Yredelemnul
Zin
The Shining One

Annotations:
D:10 3 runed translucent doors

#.....▒▒...▒ #.....▒ )....
▒..▒ +....▒▒ ....▒. .. ...▒
###..▒. ▒..▒▒
▒.▒▒...▒▒.▒.▒!▒▒ #...▒▒..
.... ..▒....▒§▒...▒§▒###
#...▒ .
.▒...▒.▒▒....▒...▒...▒...
#..▒▒
........▒.....▒.▒...▒.▒...
#..▒
▒.▒.▒...▒▒.....▒.uu.uuu▒...
#.▒▒
...c...u▒.h....▒▒▒+++▒▒▒...
..▒ ▒..▒.#....▒.......▒#'#
.▒▒ ▒.▒c.'................
.▒ ▒.▒▒..#c)...#...#......
▒▒ ▒.▒...#.()).#...#......
▒ O▒▒...#.....#...+...... ▒
▒O▒..###.)...#...#......
.▒▒....#.....#####......
▒Q▒.....#.....# #......


You could see 2 centaur warriors.


Message History

The centaur warrior shoots an arrow.
The arrow hits you!
* * * LOW HITPOINT WARNING * * *
Aiming: Mindburst
Press: ? - help, Shift-Dir - straight line, f/p - centaur warrior
Aim: a centaur warrior, wielding a +0 shortbow (lightly wounded, chance to affect: 75%)
The centaur warrior's mind is blasted!!
The now-empty wand crumbles to dust.
The centaur warrior shoots an arrow.
The arrow hits you!
* * * LOW HITPOINT WARNING * * *
It was a potion of enlightenment.
You feel very buoyant.
You fly up into the air.
Aiming: Fastroot
Press: ? - help, Shift-Dir - straight line, f/p - centaur warrior
Aim: a centaur warrior, wielding a +0 shortbow (heavily wounded)
The roots erupt in riotous growth!
Roots grab the centaur warrior.
The grasping roots constrict the centaur warrior!
You hear a shout!
A centaur warrior comes into view. It is wielding a +0 orcbow of flaming.
The centaur warrior shoots an arrow.
The arrow hits you.
* * * LOW HITPOINT WARNING * * *
The centaur warrior shoots an arrow.
The arrow closely misses you.
The centaur warrior shoots an arrow.
The arrow hits you but does no damage.
As you read the scroll of fear, it crumbles to dust.
You assume a fearsome visage.
The centaur warrior easily resists.
The centaur warrior looks frightened!
The grasping roots constrict the centaur warrior!
The roots release their grip on the centaur warrior.
The centaur warrior shoots an arrow.
The arrow hits you!
You die...

Skill      XL: |  1  2  3  4  5  6  7  8  9 10 11 |
---------------+----------------------------------+-----
Ranged Weapons | 1 3 4 5 6 7 8 10 12 | 12.3
Shapeshifting  | 4 5 6 7 |  7.0
Evocations     | 1 3 4 6 7 |  7.8
Invocations    | 1 3 6 7 |  7.7
Fighting       | |  0.8
Dodging        | |  1.5
Unarmed Combat | |  3.0

Action                     |  1- 3 |  4- 6 |  7- 9 | 10-12 || total
---------------------------+-------+-------+-------+-------++-------
  Melee: Unarmed           |    52 |    66 |       |       ||   118
         Bite              |     7 |    17 |     1 |       ||    25
         Punch             |     1 |     1 |     1 |       ||     3
         Dagger            |       |       |    10 |       ||    10
   Fire: Sling             |       |   135 |   546 |       ||   681
         Shortbow          |       |       |    87 |   163 ||   250
         Arbalest          |       |       |       |   186 ||   186
  Throw: Dart              |     3 |       |       |     6 ||     9
  Evoke: Wand              |       |       |     6 |    19 ||    25
    Use: Potion            |     1 |       |     1 |     1 ||     3
         Scroll            |       |       |    12 |     4 ||    16
   Stab: Sleeping          |     2 |     1 |       |       ||     3
 Armour: Animal skin       |    26 |    67 |    43 |       ||   136
         Skin              |     2 |     1 |       |       ||     3
         Leather armour    |       |       |   250 |    83 ||   333
         Ring mail         |       |       |       |    32 ||    32
  Dodge: Dodged            |    32 |    60 |   270 |   161 ||   523
   Form: Beast             |       |       |       |     2 ||     2
                           |       |       |       |     1 ||     1

Levels and vault maps discovered:
D:1:      minmay_arrival_four_circles, layout_basic,
          shapermc_ecumenical_altar_ellora
D:2:      layout_loops_corners, minmay_tromino_v2, uniq_sigmund
D:3:      layout_basic, mainiacjoe_overflow_paths, demons_altar,
          chei_slow_surprise, lightli_corner_chamber, uniq_robin
D:4:      layout_loops_ring, nicolae_hexahallways, uniq_ijyb
D:5:      layout_basic, overflow_temple_1_default
D:6:      layout_loops_corners, marbit_many_paths, lemuel_temple_firewalk_b,
          enter_ossuary_4, uniq_duvessa, uniq_eustachio
D:7:      black_bear_nest_2, layout_basic, mainiacjoe_overflow_24_doors,
          jmf_multi_god_temple2
D:8:      minmay_quarter_circles, layout_basic, dpeg_oklobed_lair
D:9:      layout_loops_ring, special_room [special_room_orc]
D:10:     minmay_the_grid_triangle_9x9_rhombus_thin_mashed
          [minmay_the_grid_triangle_9x9_stretched_checkered,
          minmay_the_grid_triangle_9x9_prize_top_heavy,
          minmay_the_grid_triangle_9x9_corrupted_corridor,
          minmay_the_grid_triangle_9x9_negative_grid], layout_gridville,
          nicolae_elyvilon_peaceful_grove,
          ploomutoo_gammafunk_ghost_potion_laboratory
D:11:     layout_roguey, serial_library, serial_library_hellmonk_room_b,
          serial_library_hellmonk_angled_corner,
          serial_library_hellmonk_small_corner,
          serial_library_hellmonk_secret_room, special_room [special_room_bee],
          uniq_gastronok
Temple:   nicolae_temple_figure_eight

Notes
Turn   | Place    | Note
-------+----------+-------------------------------------------
     0 | D:1      | Jeffwins the Vine Stalker Shapeshifter began the quest for
                  | the Orb.
     0 | D:1      | Reached XP level 1. HP: 9/9 MP: 2/2
   120 | D:1      | Reached skill level 1 in Ranged Weapons
   120 | D:1      | Reached XP level 2. HP: 14/14 MP: 3/3
   189 | D:1      | Found a faded altar of an unknown god.
   562 | D:1      | Reached XP level 3. HP: 17/17 MP: 4/4
   784 | D:2      | Noticed Sigmund
   793 | D:2      | Killed Sigmund
   794 | D:2      | Reached skill level 3 in Ranged Weapons
   794 | D:2      | Reached skill level 4 in Shapeshifting
   794 | D:2      | Reached XP level 4. HP: 21/21 MP: 1/5
   794 | D:2      | Reached XP level 5. HP: 25/25 MP: 1/6
  1161 | D:2      | Reached skill level 4 in Ranged Weapons
  1398 | D:2      | Reached XP level 6. HP: 29/29 MP: 7/7
  1685 | D:3      | Found a shimmering blue altar of Sif Muna.
  1687 | D:3      | Noticed Robin
  1703 | D:3      | Killed Robin
  1881 | D:3      | Found a snail-covered altar of Cheibriados.
  2404 | D:3      | Noticed a sky beast
  2540 | D:3      | Found a burning altar of Makhleb.
  2622 | D:3      | Reached skill level 5 in Ranged Weapons
  2969 | D:4      | Reached XP level 7. HP: 32/32 MP: 8/8
  3454 | D:4      | Noticed Ijyb
  3469 | D:4      | Killed Ijyb
  3533 | D:5      | Entered Level 5 of the Dungeon
  3721 | D:4      | Reached skill level 1 in Evocations
  3721 | D:4      | Reached skill level 5 in Shapeshifting
  3943 | D:5      | Found a bloodstained altar of Trog.
  4019 | D:5      | Reached skill level 6 in Ranged Weapons
  4294 | D:5      | Gained mutation: You have razor-sharp teeth. [Vine Stalker
                  | growth]
  4294 | D:5      | Reached XP level 8. HP: 32/37 MP: 6/9
  4307 | D:5      | Reached skill level 2 in Evocations
  4721 | D:6      | Noticed Duvessa
  4755 | D:6      | Killed Duvessa
  4756 | D:6      | Noticed Dowan
  4767 | D:6      | Killed Dowan
  4854 | D:6      | Reached skill level 7 in Ranged Weapons
  4854 | D:6      | Reached skill level 3 in Evocations
  4920 | D:6      | Found a staircase to the Ecumenical Temple.
  4929 | Temple   | Entered the Ecumenical Temple
  4940 | Temple   | Became a worshipper of Warmaster Okawaru
  5241 | D:6      | Found a sand-covered staircase.
  5254 | Ossuary  | Entered an ossuary
  5350 | Ossuary  | Reached skill level 1 in Invocations
  5350 | Ossuary  | Reached skill level 6 in Shapeshifting
  5424 | Ossuary  | Noticed a silent spectre
  5513 | D:6      | Reached XP level 9. HP: 40/40 MP: 11/11
  5542 | D:6      | Reached * piety under Okawaru
  5915 | D:6      | Noticed Eustachio
  5929 | D:6      | Killed Eustachio
  5930 | D:6      | Reached skill level 2 in Invocations
  6161 | D:6      | Reached skill level 8 in Ranged Weapons
  6164 | D:6      | Reached skill level 4 in Evocations
  6173 | D:6      | Found an ancient bone altar of Kikubaaqudgha.
  6340 | D:7      | Found a glowing golden altar of the Shining One.
  6481 | D:7      | Reached skill level 3 in Invocations
  6822 | D:7      | Found a large runed translucent door.
  6823 | D:7      | Found a large runed translucent door.
  6899 | D:7      | Reached ** piety under Okawaru
  7051 | D:7      | Found a stormy altar of Qazlal.
  7054 | D:7      | Found a broken altar of Ashenzari.
  7383 | D:8      | Found a staircase to the Lair.
  7479 | D:8      | Reached skill level 7 in Shapeshifting
  7479 | D:8      | Reached XP level 10. HP: 44/44 MP: 13/13
  7566 | D:8      | Reached skill level 9 in Ranged Weapons
  7691 | D:8      | Reached skill level 4 in Invocations
  7760 | D:8      | Reached skill level 5 in Evocations
  7904 | D:8      | Reached *** piety under Okawaru
  7996 | D:8      | Noticed a boulder beetle
  8127 | D:8      | Killed a boulder beetle
  8128 | D:8      | Reached skill level 10 in Ranged Weapons
  8128 | D:8      | Reached skill level 5 in Invocations
  8153 | D:8      | Noticed a two-headed ogre
  8165 | D:8      | Killed a two-headed ogre
  8165 | D:8      | Reached **** piety under Okawaru
  8166 | D:8      | Reached skill level 6 in Evocations
  8231 | D:8      | Identified the +10 arbalest "Axuutonu" {freeze, +Blink}
  8290 | D:8      | Noticed a centaur warrior
  8363 | D:8      | Noticed a two-headed ogre
  8364 | D:8      | Killed a centaur warrior
  8365 | D:8      | Reached skill level 6 in Invocations
  8365 | D:8      | Reached XP level 11. HP: 20/48 MP: 5/16
  8375 | D:8      | a two-headed ogre changed into a water nymph
  8387 | D:8      | Reached ***** piety under Okawaru
  8494 | D:8      | Identified the +0 ring mail of the Heron {rC+ Will- Str+3
                  | Stlth+}
  8525 | D:8      | Reached skill level 11 in Ranged Weapons
  9358 | D:9      | Received a gift from Okawaru
  9494 | D:9      | HP: 4/48 [slime creature (7)]
  9709 | D:9      | Reached skill level 7 in Evocations
  9992 | D:10     | Entered Level 10 of the Dungeon
 10014 | D:10     | Identified the +1 ring mail of the Gate {Dex+2}
 10033 | D:10     | Found a runed translucent gate.
 10034 | D:10     | Noticed a white ugly thing
 10035 | D:10     | Noticed a cyan ugly thing
 10035 | D:10     | Noticed a brown ugly thing
 10037 | D:10     | Noticed a purple ugly thing
 10046 | D:10     | Found a runed translucent gate.
 10046 | D:10     | Found a runed translucent gate.
 10262 | D:10     | Found a white marble altar of Elyvilon.
 10293 | D:10     | Reached skill level 7 in Invocations
 10331 | D:10     | Received a gift from Okawaru
 10431 | D:10     | Noticed a tengu warrior
 10431 | D:10     | Noticed a two-headed ogre
 10432 | D:10     | Noticed a two-headed ogre
 10481 | D:10     | Noticed a skeletal warrior
 10487 | D:10     | Killed a skeletal warrior
 10489 | D:10     | Killed a two-headed ogre
 10490 | D:10     | Reached skill level 12 in Ranged Weapons
 10530 | D:10     | Killed a tengu warrior
 10552 | D:10     | Noticed a white ugly thing
 10552 | D:10     | Noticed a centaur warrior
 10558 | D:10     | Killed a white ugly thing
 10559 | D:10     | Reached XP level 12. HP: 25/52 MP: 8/18
 10562 | D:10     | Noticed a centaur warrior
 10563 | D:10     | Shot with an arrow by a centaur warrior

Vanquished Creatures
  A two-headed ogre (D:10)
  A centaur warrior (D:8)
  A two-headed ogre (shapeshifter) (D:8)
  A boulder beetle (D:8)
  A tengu warrior (D:10)
  A skeletal warrior (D:10)
  An ugly thing (D:10)
  A water nymph (shapeshifter) (D:8)
  A gargoyle (D:10)
  2 trolls (D:8)
  A polar bear (shapeshifter) (D:10)
  6 slime creatures (D:9)
  Sigmund (D:2)
  A wraith (D:11)
  6 yaks
  2 wyverns (D:7)
  Eustachio (D:6)
  A steam dragon (D:8)
  Duvessa (D:6)
  3 acid dragons
  5 water moccasins
  A black bear (D:7)
  An ice beast (D:5)
  3 orc warriors
  2 ogres (D:9)
  6 centaurs
  A kobold brigand (D:10)
  4 bullfrogs
  2 gnoll sergeants (D:8)
  2 scorpions (D:5)
  7 wights
  Dowan (D:6)
  8 killer bees
  7 howler monkeys
  A bullfrog zombie (Ossuary)
  10 hounds
  3 iron imps (D:3)
  2 centaur zombies (Ossuary)
  4 gnoll boudas
  4 orc priests
  An iguana (D:5)
  A scorpion zombie (Ossuary)
  3 sleepcaps
  Ijyb (D:4)
  13 orc wizards
  An ogre zombie (Ossuary)
  Robin (D:3)
  15 gnolls
  9 adders
  2 white imps
  2 ufetubi (D:7)
  2 adder zombies (Ossuary)
  2 worms
  3 dart slugs
  45 orcs
  6 bats
  3 endoplasms
  4 giant cockroaches
  3 gnoll zombies (Ossuary)
  16 goblins
  5 hobgoblins
  13 jackals
  4 quokkas
  7 ball pythons
  4 frilled lizards
  3 goblin zombies
  4 hobgoblin zombies (Ossuary)
  18 kobolds
  An orc zombie (Ossuary)
  A quokka zombie (D:6)
  3 rats
304 creatures vanquished.

Vanquished Creatures (others)
  A bullfrog (D:6)
  An orc wizard (D:3)
2 creatures vanquished.

Grand Total: 306 creatures vanquished

Table legend: (Time is in decaauts)
 A = Elapsed time spent in this place.
 B = Non-inter-level travel time spent in this place.
 C = Inter-level travel time spent in this place.
 D = Time resting spent in this place.
 E = Time spent auto-exploring this place.
 F = Levels seen in this place.
 G = Mean time per level.
                   A        B        C        D        E       F      G
               +--------+--------+--------+--------+--------+-----+--------+
         Total |  10697 |  10193 |    504 |    632 |   6863 |  13 |  822.8 |
       Dungeon |  10458 |   9972 |    486 |    632 |   6779 |  11 |  950.7 |
        Temple |     20 |      2 |     18 |      0 |      0 |   1 |   20.0 |
       Ossuary |    218 |    218 |      0 |      0 |     84 |   1 |  218.0 |
               +--------+--------+--------+--------+--------+-----+--------+

Top non-repeatable levels by time:
     D:8: 1449 daAuts
     D:6: 1412 daAuts
     D:9: 1224 daAuts
     D:3: 1109 daAuts
     D:7: 1049 daAuts
     D:5: 1041 daAuts
     D:2: 895 daAuts
     D:4: 892 daAuts
     D:1: 781 daAuts
    D:10: 540 daAuts
 Ossuary: 218 daAuts
    D:11: 62 daAuts
  Temple: 20 daAuts

Table legend:
 A = Non-vault XP
 B = Vault XP
 C = Vault XP percentage of total XP
 D = Non-vault monster count
 E = Vault monster count
 F = Vault count percentage of total count
                 A         B        C        D         E       F
            +---------+---------+-------+---------+---------+-------
      Total |    6674 |   11943 |  64.2 |     197 |     108 |  35.4
            +---------+---------+-------+---------+---------+-------
        D:1 |      37 |       0 |   0.0 |      23 |       0 |   0.0
        D:2 |      61 |     235 |  79.4 |      26 |       3 |  10.3
        D:3 |     105 |     162 |  60.7 |      18 |      13 |  41.9
        D:4 |     132 |      36 |  21.4 |      18 |       1 |   5.3
        D:5 |     702 |       0 |   0.0 |      23 |       0 |   0.0
        D:6 |     975 |     441 |  31.1 |      23 |       6 |  20.7
        D:7 |     726 |     447 |  38.1 |      13 |       3 |  18.8
        D:8 |     880 |    5568 |  86.4 |      15 |      28 |  65.1
        D:9 |    1660 |     467 |  22.0 |      15 |      26 |  63.4
       D:10 |     985 |    4295 |  81.3 |      21 |      10 |  32.3
       D:11 |     411 |       0 |   0.0 |       2 |       0 |   0.0
    Ossuary |       0 |     292 | 100.0 |       0 |      18 | 100.0
            +---------+---------+-------+---------+---------+-------
